 Dungeon Crawl Stone Soup version 0.21.0-25-ge575cb9 (webtiles) character file.

214 tidbits the Insei (level 5, 0/41 HPs)
             Began as a Gnoll Transmuter on Jan 26, 2018.
             Slain by Blork the orc
             ... wielding a +0 scimitar
              (7 damage)
             ... on level 5 of the Dungeon.
             The game lasted 00:08:02 (924 turns).

tidbits the Insei (Gnoll Transmuter)                 Turns: 924, Time: 00:08:03

Health: 0/41       AC:  2    Str: 12    XL:     5   Next: 92%
Magic:  7/12       EV: 24    Int: 17    God:
Gold:   54         SH:  0    Dex: 20    Spells: 8/14 levels left

rFire    . . .     SeeInvis .     - Unarmed
rCold    . . .     Gourm    .   (shield currently unavailable)
rNeg     + . .     Faith    .   (armour currently unavailable)
rPois    x         Spirit   .   (helmet currently unavailable)
rElec    .         Reflect  .   (cloak currently unavailable)
rCorr    .         Harm     .   (gloves currently unavailable)
MR       .....                  (boots currently unavailable)
Stlth    ++........             (no amulet)
HPRegen  0.13/turn              e - ring of positive energy
MPRegen  0.13/turn              (no ring)

@: spider-form
A: tiny, distributed training, strong nose
a: End Transformation


You were on level 5 of the Dungeon.
You were hungry.
You were a venomous arachnid creature.
You visited 1 branch of the dungeon, and saw 6 of its levels.

You collected 54 gold pieces.

Inventory:

Hand Weapons
 i - the +2 dagger of Duty (melded) {speed, Str+3}
   (You found it on level 5 of the Dungeon)

   Attacks with this weapon are significantly faster.
   It affects your strength (+3).
Missiles
 f - 19 poisoned needles
Armour
 b - a +0 crystal plate armour
 n - a +0 ring mail
 B - a +1 robe (melded)
 E - a +2 hat (melded)
Jewellery
 e - a ring of positive energy (left front leg)
   (You found it on level 1 of the Dungeon)
Scrolls
 g - a scroll of enchant armour
 j - a scroll of teleportation
 k - a scroll of random uselessness {unknown}
 r - 3 scrolls of remove curse
Potions
 l - a potion of flight
 m - 2 potions of brilliance
Books
 c - a book of Changes

   Spells                             Type                      Level
   a - Beastly Appendage              Transmutation                1
   b - Sticks to Snakes               Transmutation                2
   c - Spider Form                    Transmutation/Poison         3
   d - Ice Form                       Ice/Transmutation            4
   e - Blade Hands                    Transmutation                5
Comestibles
 d - 6 rations


   Skills:
 + Level 3.1 Fighting
 + Level 1.6 Short Blades
 + Level 1.6 Long Blades
 + Level 1.6 Axes
 + Level 1.6 Maces & Flails
 + Level 1.6 Polearms
 + Level 1.6 Staves
 + Level 1.6 Slings
 + Level 1.6 Bows
 + Level 1.6 Crossbows
 + Level 1.6 Throwing
 + Level 1.6 Armour
 + Level 4.8 Dodging
 + Level 1.6 Stealth
 + Level 1.6 Shields
 + Level 6.7 Unarmed Combat
 + Level 5.2 Spellcasting
 + Level 1.3 Conjurations
 + Level 1.3 Hexes
 + Level 1.3 Charms
 + Level 1.3 Summonings
 + Level 1.3 Necromancy
 + Level 1.3 Translocations
 + Level 4.0 Transmutations
 + Level 1.3 Fire Magic
 + Level 1.3 Ice Magic
 + Level 1.3 Air Magic
 + Level 1.3 Earth Magic
 + Level 1.3 Poison Magic
 + Level 1.9 Invocations
 + Level 1.6 Evocations


You had 8 spell levels left.
You knew the following spells:

 Your Spells              Type           Power        Failure   Level  Hunger
e - Beastly Appendage     Tmut           ###...       10%         1    None
k - Sticks to Snakes      Tmut           ###.....     13%         2    #......
p - Spider Form           Tmut/Pois      ##........   32%         3    ###....


Dungeon Overview and Level Annotations

Branches:
Dungeon (6/15)             Temple (0/1) D:4

Altars:
Dithmenos
Hepliaklqana

Annotations:
D:4 tognito's ghost, amateur MiBe
D:5 Blork the orc; Prince Ribbit


Innate Abilities, Weirdness & Mutations

Your experience applies equally to all skills.
((You have very sharp teeth.))
Your uncanny sense of smell can sniff out nearby items.


Message History

You feel strangely unstable.
It was a scroll of teleportation.
Your ball python closely misses Prince Ribbit.
Your ball python barely misses Prince Ribbit.
Your ball python closely misses Prince Ribbit.
Your ball python misses Prince Ribbit.
Your ball python closely misses Prince Ribbit.
Your ball python barely misses Prince Ribbit.
Your surroundings suddenly seem different.
Found 11 stones.
Your transformation has ended.
The +2 dagger of Duty {speed, Str+3} unmelds from your body.
Your +2 hat unmelds from your body.
Your +1 robe unmelds from your body.
Your hands tingle!
A gnoll comes into view. It is wielding a spear.
A worker ant comes into view.
The worker ant twitches its antennae in your direction.
The worker ant bites you but does no damage.
Casting: Spider Form
Confirm with . or Enter, or press ? or * to list all spells.
You create 2 snakes!
You now have 1 arrow.
The worker ant bites you.
* * * LOW HITPOINT WARNING * * *
The worker ant bites you but does no damage.
You hit the worker ant.
The worker ant is lightly wounded.
Your ball python bites the worker ant but does no damage.
Your ball python closely misses the worker ant.
You barely miss the worker ant. Your bite misses the worker ant.
The worker ant is lightly wounded.
Your ball python bites the worker ant but does no damage.
Your ball python grabs the worker ant.
Your ball python constricts the worker ant.
The worker ant closely misses you.
You hit the worker ant.
You punch the worker ant, but do no damage.
You bite the worker ant, but do no damage.
The worker ant is moderately wounded.
Your ball python bites the worker ant.
Your ball python constricts the worker ant.
Your ball python barely misses the worker ant.
The worker ant barely misses you.
You hit the worker ant but do no damage.
The worker ant is moderately wounded.
Your ball python bites the worker ant but does no damage.
Your ball python constricts the worker ant.
Your ball python barely misses the worker ant.
The worker ant barely misses you.
You hit the worker ant.
The worker ant is severely wounded.
Your ball python bites the worker ant but does no damage.
Your ball python constricts the worker ant.
You hit the worker ant but do no damage.
The worker ant is severely wounded.
Your ball python bites the worker ant but does no damage.
The worker ant closely misses your ball python.
You hit the worker ant.
The worker ant is severely wounded.
Your ball python bites the worker ant but does no damage.
Your ball python constricts the worker ant.
Your ball python bites the worker ant.
The worker ant bites your ball python.
Your ball python dies!
You strike the helpless worker ant from behind!
You puncture the worker ant!
You kill the worker ant!
You see here a worker ant corpse.
You start to feel less resistant.
Your ball python withers and dies!
Your resistance to elements expires.
Found a trident.
An adder and Blork the orc come into view.
The helpless adder fails to defend itself.
You puncture the adder!
You kill the adder!
The helpless Blork the orc fails to defend himself.
You puncture Blork the orc!
Blork the orc is heavily wounded.
Blork the orc barely misses you.
Okay, then.
Casting: Sticks to Snakes
Confirm with . or Enter, or press ? or * to list all spells.
You turn into a venomous arachnid creature.
The +2 dagger of Duty {speed, Str+3} melds into your body.
Your +2 hat melds into your body.
Your +1 robe melds into your body.
Casting: Spider Form
Confirm with . or Enter, or press ? or * to list all spells.
You create a snake!
You now have no arrows remaining.
You are feeling hungry.
Blork the orc hits you with a scimitar!
* * * LOW HITPOINT WARNING * * *
Casting: Sticks to Snakes
Confirm with . or Enter, or press ? or * to list all spells.
You don't have anything to turn into a snake.
Unknown command.
You hit Blork the orc but do no damage.
Blork the orc is poisoned.
Blork the orc is heavily wounded.
Blork the orc misses you.
You bite Blork the orc!
Blork the orc is severely wounded.
Your adder closely misses Blork the orc.
Blork the orc hits you with a scimitar!
You die...

...###........... .........
.### #......... .... .........
.# #......## .... ....##... .##
....#..###... ... #... ..#
.##...#..# . ##... ..######
#.....# ##. ###.... .....##.##
#..)### #...###...... ...#
....# ##.....##........##...
..##
##..###....so.....###.†##...
..# ##....#.....S.....##
##..#...
..###.......###.......##
##..... ..#....###.##
##.......#####...##
....#####..## ##.....#...#...##
...###......### #.....# #....##
...........#..####...## ##...#
.....###..###..##.....###....##
......##.# ###............#..##


You could see Blork the orc and a friendly adder.

Vanquished Creatures
  A crimson imp (D:5)
  An iguana (D:6)
  2 worker ants
  A howler monkey skeleton (D:5)
  4 adders
  2 adder skeletons (D:4)
  A dart slug (D:5)
  A leopard gecko (D:3)
  3 orcs (D:5)
  3 giant cockroaches
  A goblin (D:1)
  A hobgoblin (D:1)
  5 jackals
  2 bats
  A frilled lizard (D:1)
  A jackal zombie (D:5)
  A kobold (D:1)
  3 rats (D:1)
34 creatures vanquished.

Vanquished Creatures (collateral kills)
  A bullfrog zombie (D:5)
  A giant cockroach (D:4)
  A jackal (D:6)
3 creatures vanquished.

Grand Total: 37 creatures vanquished

Notes
Turn   | Place    | Note
-------+----------+-------------------------------------------
     0 | D:1      | tidbits the Gnoll Transmuter began the quest for the Orb.
     0 | D:1      | Reached XP level 1. HP: 17/17 MP: 6/6
   102 | D:1      | Reached XP level 2. HP: 23/23 MP: 5/7
   106 | D:1      | Learned a level 2 spell: Sticks to Snakes
   182 | D:3      | Found a hazy altar of Hepliaklqana.
   222 | D:3      | Found a shadowy altar of Dithmenos.
   242 | D:4      | Found a staircase to the Ecumenical Temple.
   264 | D:4      | Reached XP level 3. HP: 25/28 MP: 7/9
   410 | D:4      | Reached skill level 5 in Spellcasting
   430 | D:4      | Noticed tognito's ghost (amateur MiBe)
   491 | D:4      | Reached skill level 1 in Invocations
   510 | D:5      | Entered Level 5 of the Dungeon
   538 | D:5      | Learned a level 3 spell: Spider Form
   609 | D:5      | Reached skill level 1 in Short Blades
   609 | D:5      | Reached skill level 1 in Long Blades
   609 | D:5      | Reached skill level 1 in Axes
   609 | D:5      | Reached skill level 1 in Maces & Flails
   609 | D:5      | Reached skill level 1 in Polearms
   609 | D:5      | Reached skill level 1 in Staves
   609 | D:5      | Reached skill level 1 in Slings
   609 | D:5      | Reached skill level 1 in Bows
   609 | D:5      | Reached skill level 1 in Crossbows
   609 | D:5      | Reached skill level 1 in Throwing
   609 | D:5      | Reached skill level 1 in Armour
   609 | D:5      | Reached skill level 1 in Stealth
   609 | D:5      | Reached skill level 1 in Shields
   609 | D:5      | Reached skill level 1 in Evocations
   609 | D:5      | Reached XP level 4. HP: 21/34 MP: 7/11
   621 | D:6      | Reached skill level 1 in Conjurations
   621 | D:6      | Reached skill level 1 in Hexes
   621 | D:6      | Reached skill level 1 in Charms
   621 | D:6      | Reached skill level 1 in Summonings
   621 | D:6      | Reached skill level 1 in Necromancy
   621 | D:6      | Reached skill level 1 in Translocations
   621 | D:6      | Reached skill level 1 in Fire Magic
   621 | D:6      | Reached skill level 1 in Ice Magic
   621 | D:6      | Reached skill level 1 in Air Magic
   621 | D:6      | Reached skill level 1 in Earth Magic
   621 | D:6      | Reached skill level 1 in Poison Magic
   645 | D:6      | Reached XP level 5. HP: 23/40 MP: 5/12
   685 | D:5      | Got a polished dagger
   686 | D:5      | Identified the +2 dagger of Duty {speed, Str+3} (You found it on level 5 of the Dungeon)
   808 | D:5      | Reached skill level 3 in Fighting
   808 | D:5      | Reached skill level 4 in Transmutations
   811 | D:5      | Noticed Prince Ribbit
   814 | D:5      | Noticed an ogre
   840 | D:5      | HP: 4/41 [worker ant (5)]
   913 | D:5      | Noticed Blork the orc
   924 | D:5      | Slain by Blork the orc

Skill      XL: |  1  2  3  4  5 |
---------------+----------------+-----
Spellcasting   | 5 |  5.2
Invocations    | 1 |  1.9
Short Blades   | 1 |  1.6
Long Blades    | 1 |  1.6
Axes           | 1 |  1.6
Maces & Flails | 1 |  1.6
Polearms       | 1 |  1.6
Staves         | 1 |  1.6
Slings         | 1 |  1.6
Bows           | 1 |  1.6
Crossbows      | 1 |  1.6
Throwing       | 1 |  1.6
Armour         | 1 |  1.6
Stealth        | 1 |  1.6
Shields        | 1 |  1.6
Evocations     | 1 |  1.6
Conjurations   | 1 |  1.3
Hexes          | 1 |  1.3
Charms         | 1 |  1.3
Summonings     | 1 |  1.3
Necromancy     | 1 |  1.3
Translocations | 1 |  1.3
Fire Magic     | 1 |  1.3
Ice Magic      | 1 |  1.3
Air Magic      | 1 |  1.3
Earth Magic    | 1 |  1.3
Poison Magic   | 1 |  1.3
Fighting       | 3 |  3.1
Transmutations | 4 |  4.0
Dodging        | |  4.8
Unarmed Combat | |  6.7

Action                   |  1- 3 |  4- 6 || total
-------------------------+-------+-------++-------
Melee: Unarmed           |    57 |    15 ||    72
       Kick              |    13 |     1 ||    14
       Bite              |     4 |     2 ||     6
       Headbutt          |     4 |    10 ||    14
       Dagger            |       |    43 ||    43
       Punch             |       |     2 ||     2
 Cast: Beastly Appendage |    14 |     3 ||    17
       Sticks to Snakes  |     5 |     5 ||    10
       Spider Form       |       |     3 ||     3
  Use: Scroll            |     3 |     2 ||     5
       Potion            |       |     1 ||     1
 Stab: Sleeping          |     3 |     3 ||     6
       Distracted        |       |     1 ||     1
Armor: Robe              |     8 |     4 ||    12
Dodge: Dodged            |    28 |    26 ||    54

Table legend:
 A = Turns spent in this place as a percentage of turns spent in the entire game.
 B = Non-inter-level travel turns spent in this place as a percentage of non-inter-level travel turns spent in the entire game.
 C = Inter-level travel turns spent in this place as a percentage of turns spent in this place.
 D = Turns resting spent in this place as a percentage of non-inter-level travel turns spent in this place.
 E = Turns spent auto-exploring this place as a percentage of non-inter-level travel turns spent in this place.
 F = Non-inter-level travel turns spent in this place divided by the number of levels of this place that you've seen.
                   A       B       C       D       E      F
               +-------+-------+-------+-------+-------+----------------------
         Total | 100.0 | 100.0 |   0.0 |   0.0 |   0.0 | 154.0
       Dungeon | 100.0 | 100.0 |   0.0 |   0.0 |   0.0 | 154.0
               +-------+-------+-------+-------+-------+----------------------

Table legend:
 A = Kills in this place as a percentage of kills in entire the game.
 B = Kills by you in this place as a percentage of kills by you in the entire game.
 C = Kills by friends in this place as a percentage of kills by friends in the entire game.
 D = Other kills in this place as a percentage of other kills in the entire game.
 E = Experience gained in this place as a percentage of experience gained in the entire game.
 F = Experience gained in this place divided by the number of levels of this place that you have seen.
                   A       B       C       D       E      F
               +-------+-------+-------+-------+-------+----------------------
         Total | 100.0 | 100.0 | 100.0 |   N/A | 100.0 |  51.2
       Dungeon | 100.0 | 100.0 | 100.0 |   N/A | 100.0 |  51.2
               +-------+-------+-------+-------+-------+----------------------

Vault maps used:
D:1:      minmay_arrival_diagonal_passages
D:3:      minmay_goblin_kobold_castle, lemuel_round_altar,
          nicolae_dithmenos_through_a_glass_darkly
D:4:      minmay_temple_entry_from_below_a, first_ration, uniq_grinder
D:5:      uniq_blork_the_orc, uniq_prince_ribbit1, uniq_sigmund
D:6:      serial_shops, shop
